 Dungeon Crawl Stone Soup version 0.25-a0-578-gc91f01c39c (console) character file.

Game seed: 17618479963996934740, levelgen mode: deterministic

1528 Kagalorn the Chiller (level 8, -4/58 HPs)
             Began as a Gnoll Ice Elementalist on Mar 3, 2020.
             Was an Elder of Cheibriados.
             Killed by divine providence
             ... invoked by an orc priest
              (11 damage)
             ... on level 7 of the Dungeon.
             The game lasted 00:16:56 (4658 turns).

Kagalorn the Chiller (Gnoll Ice Elementalist)       Turns: 4658, Time: 00:16:58

Health: -4/58      AC:  2    Str: 20    XL:     8   Next: 85%
Magic:  15/17      EV: 18    Int: 28    God:    Cheibriados [****..]
Gold:   363        SH:  0    Dex: 27    Spells: 11/19 levels left

rFire    + . .     SeeInvis .   a - +4 spear {vorpal, +Blink rElec rN+ Dex+2}
rCold    + . .     Gourm    .   (no shield)
rNeg     + . .     Faith    .   b - +0 robe
rPois    .         Spirit   .   (no helmet)
rElec    +         Reflect  .   y - scarf {rC+ rF+}
rCorr    .         Harm     .   (no gloves)
MR       .....                  (no boots)
Stlth    ++++......             (no amulet)
HPRegen  0.19/turn              (no ring)
MPRegen  0.15/turn              (no ring)

@: frozen ramparts, very slow
A: distributed training, fangs 1, strong nose
a: Bend Time, Temporal Distortion, Slouch, Renounce Religion, Evoke Blink


You were on level 7 of the Dungeon.
You worshipped Cheibriados.
Cheibriados was greatly pleased with you.
You were not hungry.

You visited 1 branch of the dungeon, and saw 7 of its levels.

You collected 363 gold pieces.

Inventory:

Hand Weapons
 a - the +4 spear of Liuguwad (weapon) {vorpal, +Blink rElec rN+ Dex+2}
   (You found it on level 4 of the Dungeon)

   It inflicts extra damage upon your enemies.
   It affects your dexterity (+2).
   It insulates you from electricity.
   It protects you from negative energy.
   It lets you blink.
Missiles
 d - 46 bolts
 e - 183 stones (quivered)
 g - 138 arrows
 j - 52 sling bullets
 m - 7 javelins
 E - a throwing net
Armour
 b - a +0 robe (worn)
 t - a +0 kite shield
 x - a +0 buckler
 y - a scarf of resistance (worn)
Wands
 n - a wand of iceblast (5)
Scrolls
 h - 7 scrolls of remove curse
 i - 5 scrolls of identify {unknown}
 k - 4 scrolls of teleportation {unknown}
 l - a scroll of enchant weapon {unknown}
 u - 2 scrolls of immolation {unknown}
 v - a scroll of fear {unknown}
 D - a scroll of blinking {unknown}
Potions
 f - 3 potions of flight {unknown}
 p - 3 potions of curing
 q - 2 potions of ambrosia {unknown}
 r - a potion of mutation {unknown}
 s - 4 potions of heal wounds {unknown}
 w - a potion of resistance {unknown}
 z - a potion of cancellation {unknown}
 A - a potion of brilliance {unknown}
 C - a potion of degeneration {unknown}
Comestibles
 c - 13 rations


   Skills:
 + Level 3.5 Fighting
 + Level 3.5 Short Blades
 + Level 3.5 Long Blades
 + Level 3.5 Axes
 + Level 3.5 Maces & Flails
 + Level 3.5 Polearms
 + Level 3.5 Staves
 + Level 3.5 Slings
 + Level 3.5 Bows
 + Level 3.5 Crossbows
 + Level 3.5 Throwing
 + Level 3.5 Armour
 + Level 5.8 Dodging
 + Level 5.5 Stealth
 + Level 3.5 Shields
 + Level 3.5 Unarmed Combat
 + Level 6.2 Spellcasting
 + Level 2.9 Conjurations
 + Level 2.9 Hexes
 + Level 2.9 Charms
 + Level 2.9 Summonings
 + Level 2.9 Necromancy
 + Level 2.9 Translocations
 + Level 2.9 Transmutations
 + Level 2.9 Fire Magic
 + Level 7.7 Ice Magic
 + Level 2.9 Air Magic
 + Level 2.9 Earth Magic
 + Level 2.9 Poison Magic
 + Level 3.9 Invocations
 + Level 3.5 Evocations


You had 11 spell levels left.
You knew the following spells:

 Your Spells              Type           Power        Failure   Level  Hunger
a - Freeze                Ice            ####         1%          1    None
b - Frozen Ramparts       Ice            ######       1%          3    None
c - Summon Ice Beast      Ice/Summ       #####...     7%          4    ###....

Your spell library contained the following spells:

 Spells                   Type           Power        Failure   Level  Hunger
 Ozocubu's Armour         Chrm/Ice       #####...     1%          3    None
 Hailstorm                Conj/Ice       #####...     7%          4    ###....


Dungeon Overview and Level Annotations

Branches:
Dungeon (7/15)             Temple (0/1) D:7

Altars:
Ashenzari
Cheibriados
Ru
Trog
Zin

Shops:
D:5 }

Annotations:
D:3 Grinder


Innate Abilities, Weirdness & Mutations

Your experience applies equally to all skills.
You have very sharp teeth.
Your uncanny sense of smell can sniff out nearby items.


Message History

Unknown command.
You hit the orc.
The orc is severely wounded.
The orc priest completely misses you. The orc closely misses you.
Unknown command.
You closely miss the orc.
The orc is severely wounded.
The orc closely misses you. The orc misses you.
The orc priest hits you from afar with a +0 trident!
The orc hits you with a +0 flail.
* * * LOW HITPOINT WARNING * * *
Unknown command.
You hit the orc.
You kill the orc!
Cheibriados appreciates the change of pace.
The orc closely misses you. The orc hits you with a +0 flail!
* * * LOW HITPOINT WARNING * * *
The orc priest invokes the aid of Beogh against you.
Beogh smites you!
You die...

.....#....##............
.....#....#.............
..........#........##...
..........#............#
..............#........#
....†......####.........
...##...##.####.........
...##...##....<.........
......o@.........##.....
.>....o)................
.......o................
...##...##..............
#..##o..##..............
#..............
...............
...............


You could see an orc priest, an orc wizard and 2 orcs.

Vanquished Creatures
  Eustachio (D:6)
  An orc warrior (D:6)
  A sky beast (D:5)
  2 ogres
  A bullfrog (D:6)
  A howler monkey (D:5)
  A jelly (D:6)
  3 crimson imps (D:5)
  A centaur zombie (D:5)
  4 hounds
  A bullfrog skeleton (D:5)
  Crazy Yiuf (D:3)
  3 orc priests
  5 orc wizards
  A centaur skeleton (D:5)
  Ijyb (D:4)
  4 worker ants
  A howler monkey skeleton (D:5)
  5 adders
  A shadow imp (D:5)
  An ooze (D:2)
  3 worms
  2 dart slugs
  2 leopard geckos
  39 orcs
  3 giant cockroaches
  5 goblins
  4 hobgoblins
  6 jackals
  A quokka (D:2)
  6 bats
  3 frilled lizards
  6 kobolds
  A quokka skeleton (D:6)
  6 rats
127 creatures vanquished.

Notes
Turn   | Place    | Note
-------+----------+-------------------------------------------
     0 | D:1      | Kagalorn the Gnoll Ice Elementalist began the quest for the
                  | Orb.
     0 | D:1      | Reached XP level 1. HP: 13/13 MP: 6/6
    74 | D:1      | Reached XP level 2. HP: 13/19 MP: 4/7
   496 | D:1      | Found a snail-covered altar of Cheibriados.
   530 | D:1      | Became a worshipper of Cheibriados the Contemplative
   885 | D:2      | Reached XP level 3. HP: 16/25 MP: 5/9
   890 | D:2      | Learned a level 3 spell: Frozen Ramparts
   929 | D:2      | Reached skill level 5 in Spellcasting
   976 | D:2      | Reached skill level 1 in Invocations
  1047 | D:2      | Reached * piety under Cheibriados
  1047 | D:2      | Reached skill level 1 in Fighting
  1047 | D:2      | Reached skill level 1 in Short Blades
  1047 | D:2      | Reached skill level 1 in Long Blades
  1047 | D:2      | Reached skill level 1 in Axes
  1047 | D:2      | Reached skill level 1 in Maces & Flails
  1047 | D:2      | Reached skill level 1 in Polearms
  1047 | D:2      | Reached skill level 1 in Staves
  1047 | D:2      | Reached skill level 1 in Slings
  1047 | D:2      | Reached skill level 1 in Bows
  1047 | D:2      | Reached skill level 1 in Crossbows
  1047 | D:2      | Reached skill level 1 in Throwing
  1047 | D:2      | Reached skill level 1 in Armour
  1047 | D:2      | Reached skill level 1 in Shields
  1047 | D:2      | Reached skill level 1 in Unarmed Combat
  1047 | D:2      | Reached skill level 1 in Evocations
  1047 | D:2      | Reached XP level 4. HP: 24/32 MP: 8/11
  1069 | D:2      | Found a glowing silver altar of Zin.
  1383 | D:3      | Found a runed translucent door.
  1384 | D:3      | Noticed Crazy Yiuf
  1446 | D:3      | Noticed Grinder
  1510 | D:3      | Reached skill level 1 in Conjurations
  1510 | D:3      | Reached skill level 1 in Hexes
  1510 | D:3      | Reached skill level 1 in Charms
  1510 | D:3      | Reached skill level 1 in Summonings
  1510 | D:3      | Reached skill level 1 in Necromancy
  1510 | D:3      | Reached skill level 1 in Translocations
  1510 | D:3      | Reached skill level 1 in Transmutations
  1510 | D:3      | Reached skill level 1 in Fire Magic
  1510 | D:3      | Reached skill level 1 in Air Magic
  1510 | D:3      | Reached skill level 1 in Earth Magic
  1510 | D:3      | Reached skill level 1 in Poison Magic
  1642 | D:3      | Reached XP level 5. HP: 37/37 MP: 10/12
  2005 | D:3      | Killed Crazy Yiuf
  2234 | D:4      | Noticed Ijyb
  2357 | D:4      | Got a scorched spear
  2358 | D:4      | Identified the +4 spear of Liuguwad {vorpal, +Blink rElec
                  | rN+ Dex+2} (You found it on level 4 of the Dungeon)
  2365 | D:4      | Learned a level 4 spell: Summon Ice Beast
  2437 | D:4      | Reached ** piety under Cheibriados
  2437 | D:4      | Reached XP level 6. HP: 42/44 MP: 7/13
  2833 | D:4      | Reached skill level 5 in Dodging
  3086 | D:4      | Killed Ijyb
  3123 | D:5      | Entered Level 5 of the Dungeon
  3135 | D:5      | Reached XP level 7. HP: 39/50 MP: 11/15
  3255 | D:5      | Found a shattered altar of Ashenzari.
  3459 | D:5      | Reached skill level 5 in Stealth
  3542 | D:5      | Reached XP level 8. HP: 40/57 MP: 16/16
  3712 | D:5      | Found Dizink's Gadget Shop.
  3804 | D:6      | Noticed Eustachio
  3815 | D:6      | Killed Eustachio
  3845 | D:6      | Reached *** piety under Cheibriados
  4128 | D:6      | Found a sacrificial altar of Ru.
  4334 | D:6      | Reached **** piety under Cheibriados
  4498 | D:6      | Noticed a moth of wrath
  4501 | D:6      | Found a bloodstained altar of Trog.
  4645 | D:7      | Found a staircase to the Ecumenical Temple.
  4658 | D:7      | Killed from afar by an orc priest

Levels and vault maps discovered:
D:1:      ebering_trefoil_3fold, layout_loops_ring, cheibriados_altar_1
D:2:      layout_rooms, lemuel_doored_altar
D:3:      layout_loops_ring, first_ration, uniq_crazy_yiuf_cottage, uniq_grinder
D:4:      layout_loops_corners, chequers_serial_rivers_small_3, uniq_ijyb
D:5:      layout_loops_ring, nicolae_ashenzari_panopticon, serial_shops,
          nicolae_shop_statue_plus, st_stairs_10
D:6:      layout_rooms, nicolae_ru_sacrificial_ziggurat, tgw_trog,
          corexii_shack, uniq_eustachio
D:7:      layout_basic, minmay_temple_entry_stoned_glass, gammafunk_ghost_hive,
          the_bakery, uniq_menkaure

Skill      XL: |  1  2  3  4  5  6  7  8 |
---------------+-------------------------+-----
Spellcasting   | 5 6 |  6.2
Invocations    | 1 2 3 |  3.9
Fighting       | 1 2 3 |  3.5
Short Blades   | 1 2 3 |  3.5
Long Blades    | 1 2 3 |  3.5
Axes           | 1 2 3 |  3.5
Maces & Flails | 1 2 3 |  3.5
Polearms       | 1 2 3 |  3.5
Staves         | 1 2 3 |  3.5
Slings         | 1 2 3 |  3.5
Bows           | 1 2 3 |  3.5
Crossbows      | 1 2 3 |  3.5
Throwing       | 1 2 3 |  3.5
Armour         | 1 2 3 |  3.5
Shields        | 1 2 3 |  3.5
Unarmed Combat | 1 2 3 |  3.5
Evocations     | 1 2 3 |  3.5
Conjurations   | 1 2 |  2.9
Hexes          | 1 2 |  2.9
Charms         | 1 2 |  2.9
Summonings     | 1 2 |  2.9
Necromancy     | 1 2 |  2.9
Translocations | 1 2 |  2.9
Transmutations | 1 2 |  2.9
Fire Magic     | 1 2 |  2.9
Air Magic      | 1 2 |  2.9
Earth Magic    | 1 2 |  2.9
Poison Magic   | 1 2 |  2.9
Dodging        | 5 |  5.8
Stealth        | 5 |  5.5
Ice Magic      | |  7.7

Action                   |  1- 3 |  4- 6 |  7- 9 || total
-------------------------+-------+-------+-------++-------
Melee: Spear             |    20 |    30 |    79 ||   129
       Whip              |     7 |     5 |       ||    12
       Bite              |     2 |     2 |    10 ||    14
       Punch             |       |     1 |       ||     1
 Cast: Freeze            |    30 |    17 |    24 ||    71
       Frozen Ramparts   |       |    15 |    13 ||    28
  Use: Scroll            |       |       |     1 ||     1
       Potion            |       |       |     1 ||     1
 Stab: Sleeping          |     6 |     3 |     3 ||    12
  Eat: Chunk             |     1 |     3 |     3 ||     7
Armor: Robe              |     6 |     5 |     5 ||    16
Dodge: Dodged            |    24 |    37 |    73 ||   134

Table legend:
 A = Non-vault XP
 B = Vault XP
 C = Vault XP percentage of total XP
 D = Non-vault monster count
 E = Vault monster count
 F = Vault count percentage of total count
                 A         B        C        D         E       F
            +---------+---------+-------+---------+---------+-------
      Total |    1809 |     374 |  17.1 |     116 |      11 |   8.7
            +---------+---------+-------+---------+---------+-------
        D:1 |      25 |       0 |   0.0 |      15 |       0 |   0.0
        D:2 |      75 |       0 |   0.0 |      18 |       0 |   0.0
        D:3 |      82 |      41 |  33.3 |      14 |       1 |   6.7
        D:4 |     297 |      35 |  10.5 |      16 |       1 |   5.9
        D:5 |     654 |      81 |  11.0 |      16 |       2 |  11.1
        D:6 |     660 |     217 |  24.7 |      35 |       7 |  16.7
        D:7 |      16 |       0 |   0.0 |       2 |       0 |   0.0
            +---------+---------+-------+---------+---------+-------
